 Dungeon Crawl Stone Soup version 0.29.1-1-gd02db6906a (webtiles) character file.

Game seed: 9871189835240713937

21 Sabo the Gusty (level 2, -7/15 HPs)
             Began as a Deep Elf Air Elementalist on Oct 15, 2022.
             Mangled by a worm (9 damage)
             ... on level 1 of the Dungeon.
             The game lasted 00:03:43 (530 turns).

Sabo the Gusty (Deep Elf Air Elementalist)           Turns: 530, Time: 00:03:43

Health: -7/15      AC:  3    Str:  5    XL:     2   Next: 65%
Magic:  1/8        EV: 13    Int: 19    God:
Gold:   50         SH:  0    Dex: 15    Spells: 6/7 levels left

rFire   . . .      SeeInvis .   e - +0 dagger
rCold   . . .      Faith    .   (no shield)
rNeg    . . .      Spirit   .   a - +0 robe
rPois   .          Reflect  .   d - +0 helmet
rElec   .          Harm     .   (no cloak)
rCorr   +          Rampage  .   (no gloves)
Will    .....                   (no boots)
Stlth   ++........              (no amulet)
HPRegen 0.05/turn               h - ring of resist corrosion
MPRegen 0.11/turn               (no ring)

@: no status effects
A: no striking features
a: no special abilities


You were on level 1 of the Dungeon.
You visited 1 branch of the dungeon, and saw 1 of its levels.

You collected 50 gold pieces.

Inventory:

Hand Weapons
 e - a +0 dagger (weapon)
Armour
 a - a +0 robe (worn)
 d - a +0 helmet (worn)
Magical Staves
 f - a staff of earth
Jewellery
 c - a ring of ice
 h - a ring of resist corrosion (left hand)
Potions
 b - a potion of magic
 g - 2 potions of curing {unknown}


   Skills:
 + Level 2.7 Dodging
 + Level 2.5 Stealth
 + Level 3.3 Spellcasting
 + Level 1.6 Conjurations
 + Level 3.3 Air Magic


You had 6 spell levels left.
You knew the following spells:

 Your Spells              Type           Power      Damage    Failure   Level
a - Shock                 Conj/Air       48%        1d6       5%          1

Your spell library contained the following spells:

 Spells                   Type           Power      Damage    Failure   Level
 Static Discharge         Conj/Air       12%        3-5/arc   8%          2
 Swiftness                Air            16%        N/A       11%         3
 Airstrike                Air            8%         2d(2-18)  36%         4


Dungeon Overview and Level Annotations

Branches:
Dungeon (1/15)

Altars:


Message History

Casting: Shock (safe; 5% risk of failure)
Confirm with . or Enter, or press ? or * to list all spells.
Aiming: Shock (safe; 5% risk of failure)
Press: ? - help, Shift-Dir - straight line, f/p - worm
Aim: a worm (heavily wounded, 89% to hit)
The zap hits the worm.
The worm is severely wounded.
Unknown command.
Casting: Shock (safe; 5% risk of failure)
Confirm with . or Enter, or press ? or * to list all spells.
Aiming: Shock (safe; 5% risk of failure)
Press: ? - help, Shift-Dir - straight line, f/p - worm
Aim: a worm (severely wounded, 89% to hit)
The zap hits the worm.
The worm is almost dead.
Your magical contamination has completely faded away.
You see here a hobgoblin corpse.
You barely miss the worm.
The worm is severely wounded.
You hit the worm.
The worm is almost dead.
The worm bites you.
You hit the worm but do no damage.
The worm is severely wounded.
The worm bites you.
* * * LOW HITPOINT WARNING * * *
The worm misses you.
You hit the worm. You punch the worm, but do no damage.
The worm is almost dead.
You hit the worm.
The worm is almost dead.
The worm barely misses you. The worm bites you.
* * * LOW HITPOINT WARNING * * *
You barely miss the worm. You punch the worm, but do no damage.
The worm is almost dead.
You hit the worm.
You kill the worm!
The worm bites you!
Ouch! That really hurt!
You die...

<.....8# #.w....^..#
......## .........#
......# .......# ......#
..... ......# #####..#
......# #####.##..####
'###### .........†...#
.####### #.#..w......#
........ ##.#..@......#
........ ##......#######
.####........##........#
.# ......#............#
.. .####.#.###........#
.#######....#..........#
...........##.##.......#
...........##.##.......#
...........#..##########


You could see a worm.

Vanquished Creatures
  A worm (D:1)
  A dart slug (D:1)
  A bat (D:1)
  An endoplasm (D:1)
  5 goblins (D:1)
  3 hobgoblins (D:1)
  A quokka (D:1)
  2 ball pythons (D:1)
  A frilled lizard (D:1)
  A kobold (D:1)
  A rat (D:1)
18 creatures vanquished.

Notes
Turn   | Place    | Note
-------+----------+-------------------------------------------
     0 | D:1      | Sabo the Deep Elf Air Elementalist began the quest for the
                  | Orb.
     0 | D:1      | Reached XP level 1. HP: 10/10 MP: 6/6
   222 | D:1      | Reached XP level 2. HP: 15/15 MP: 6/8
   530 | D:1      | Mangled by a worm

Illustrated notes

Levels and vault maps discovered:
D:1:      psy_arrival_statuary, layout_rooms, nicolae_wormholes

Action                   || total
-------------------------++-------
Melee: Dagger            ||     8
       Punch             ||     2
 Cast: Shock             ||    36
Dodge: Dodged            ||     2
